 Dungeon Crawl Stone Soup version 0.31.0-12-g77e489cdc1 (webtiles) character file.

Game seed: 17414683477078272910

184 booth the Grave Robber (level 5, -7/31 (35) HPs)
             Began as a Demonspawn Necromancer on Feb 12, 2024.
             Mangled by a wight
             ... wielding a +3 battleaxe
              (19 damage)
             ... on level 3 of the Dungeon.
             The game lasted 00:24:10 (2854 turns).

booth the Grave Robber (Demonspawn Necromancer)     Turns: 2854, Time: 00:24:11

HP:   -7/31 (35)    AC:  3    Str: 11    XL:     5   Next: 36%
MP:   6/9           EV: 12    Int: 15    God:
Gold: 103           SH:  4    Dex: 13    Spells: 2/10 levels left

rFire   . . .        q - +2 dagger (spect)
rCold   . . .        (no shield)
rNeg    . . .        a - +0 robe
rPois   .            (no helmet)
rElec   .            (no cloak)
rCorr   .            l - +0 pair of gloves
SInv    .            (no boots)
Will    .....        e - amulet of regeneration
Stlth   ++           (no ring)
HPRegen 1.05/turn    (no ring)
MPRegen 0.11/turn

%: no passive effects
@: animating dead, heavily drained
A: powered by death 1, condensation shield
a: no special abilities


You were on level 3 of the Dungeon.
You visited 1 branch of the dungeon, and saw 4 of its levels.

You collected 207 gold pieces.
You spent 104 gold pieces at shops.

Inventory:

Hand Weapons
 q - a +2 spectral dagger (weapon)
Missiles
 b - a boomerang
 d - 3 atropa-tipped darts (quivered)
Armour
 a - a +0 robe (worn)
 l - a +0 pair of gloves (worn)
 m - a +0 leather armour
Jewellery
 e - an amulet of regeneration (around neck)
Wands
 r - a wand of light (10)
Scrolls
 c - a scroll of amnesia {unknown}
 h - 2 scrolls of teleportation
 i - a scroll of blinking {unknown}
 n - a scroll of revelation {unknown}
 o - a scroll of fog {unknown}
 t - 2 scrolls of torment {unknown}
Potions
 f - 3 potions of enlightenment
 j - 3 potions of brilliance
 k - a potion of haste {unknown}
 p - a potion of heal wounds {unknown}
 s - 3 potions of invisibility {unknown}


   Skills:
 - Level 2.5 Dodging
 - Level 2.7 Stealth
 + Level 3.2 Spellcasting
 * Level 5.7 Necromancy


You had 2 spell levels left.
You knew the following spells:

 Your Spells              Type           Power      Damage    Failure   Level
a - Necrotise             Necr           76%        1d7       1%          1
b - Vampiric Draining     Necr           19%        2d7       5%          3
c - Animate Dead          Necr           19%        N/A       19%         4

Your spell library contained the following spells:

 Spells                   Type           Power      Damage    Failure   Level
 Shock                    Conj/Air       8%         1d3       21%         1
 Curse of Agony           Necr           19%        N/A       45%         5
 Swiftness                Air            2%         N/A       52%         3
 Airstrike                Air            1%         2d(1-17)  89%         4


Dungeon Overview and Level Annotations

Branches:
Dungeon (4/15)
 Temple: D:4-7

Altars:

Shops:
D:2 *   D:3 ==


Innate Abilities, Weirdness & Mutations

You regenerate a little health from kills.
A meltable shield of frost defends you. (SH +4)


Message History

You completely miss the wight.
The wight is lightly damaged.
The wight hits you with a +3 battleaxe!
You hit the wight but do no damage.
The wight is lightly damaged.
Your +2 spectral dagger hits the wight.
The wight misses you.
The wight closely misses your +2 spectral dagger.
You hit the wight but do no damage.
The wight is moderately damaged.
Your +2 spectral dagger hits the wight but does no damage.
You block the wight's attack.
The wight hits your +2 spectral dagger but does no damage.
You hit the wight.
The wight is moderately damaged.
Your +2 spectral dagger barely misses the wight.
The wight hits you with a +3 battleaxe!
The wight misses your +2 spectral dagger.
You hit the wight but do no damage.
The wight is moderately damaged.
Your +2 spectral dagger hits the wight but does no damage.
The wight hits you with a +3 battleaxe!
You feel drained.
* * * LOW HITPOINT WARNING * * *
The wight closely misses your +2 spectral dagger.
You hit the wight but do no damage.
The wight is moderately damaged.
Your +2 spectral dagger hits the wight but does no damage.
The wight closely misses you.
The wight hits your +2 spectral dagger with a +3 battleaxe!
Your spectral weapon shares its damage with you!
* * * LOW HITPOINT WARNING * * *
You swap places.
Your +2 spectral dagger disappears.
You feel better. The wight hits you with a +3 battleaxe.
* * * LOW HITPOINT WARNING * * *
You feel drained.
* * * LOW HITPOINT WARNING * * *
You feel better.
The wight hits you with a +3 battleaxe!!
Ouch! That really hurt!
You die...

#..# #....# #..# #.####.#
#..# #......# ##..#
#<####.# ))..# #.# #.#
.##.# #.# #.# †.#.# #)#
#.# ..#.# #.# ##.#####.#
..#.########.###@z......#
.##)).....))......#######
###)#############.# # #.#
#..# # #.# #..# ###.#
#..# . ..# #..### # ###
#....# # #.##.#


You could see a wight.

Vanquished Creatures
  2 orc wizards (D:3)
  4 adders
  2 ribbon worms
  2 dart slugs
  7 orcs (D:3)
  5 ball pythons
  7 endoplasms
  5 giant cockroaches
  3 goblins (D:2)
  6 hobgoblins
  3 jackals
  6 quokkas
  2 bats
  2 frilled lizards
  6 kobolds
  7 rats
69 creatures vanquished.

Vanquished Creatures (collateral kills)
  A dart slug (D:1)
  2 hobgoblins (D:1)
  A jackal (D:1)
  2 bats
  A kobold (D:1)
  2 rats (D:1)
9 creatures vanquished.

Vanquished Creatures (others)
  3 orc zombies (D:3)
  A hobgoblin zombie (D:3)
4 creatures vanquished.

Grand Total: 82 creatures vanquished

Notes
Turn   | Place    | Note
-------+----------+-------------------------------------------
     0 | D:1      | booth the Demonspawn Necromancer began the quest for the
                  | Orb.
     0 | D:1      | Reached XP level 1. HP: 13/13 MP: 3/3
   175 | D:1      | Gained mutation: You regenerate a little health from kills.
                  | [demonic ancestry]
   175 | D:1      | Reached XP level 2. HP: 5/19 MP: 1/5
   685 | D:1      | Reached XP level 3. HP: 24/24 MP: 6/6
   693 | D:1      | Learned a level 3 spell: Vampiric Draining
  1146 | D:2      | You fall into a shaft and drop 2 floors!
  1323 | D:3      | Found Voiff's Jewellery Boutique.
  1586 | D:2      | Reached XP level 4. HP: 30/30 MP: 7/7
  1878 | D:2      | Reached skill level 5 in Necromancy
  2179 | D:2      | Found Xouziot's General Store.
  2185 | D:2      | Bought a scroll of enchant weapon for 82 gold pieces
  2185 | D:2      | Bought a scroll of identify for 22 gold pieces
  2333 | D:2      | Learned a level 4 spell: Animate Dead
  2503 | D:3      | Gained mutation: A meltable shield of frost defends you.
                  | (SH +4) [demonic ancestry]
  2503 | D:3      | Reached XP level 5. HP: 35/35 MP: 4/9
  2717 | D:3      | Found Iliotuuree's Jewellery Shop.
  2851 | D:3      | HP: 1/33 [wight/+3 battleaxe (7)]
  2854 | D:3      | Mangled by a wight

Illustrated notes

Levels and vault maps discovered:
D:1:      beargit_arrival_diablo_church, layout_basic, minmay_heptomino_h4
D:2:      layout_basic, serial_shops, nicolae_shop_stone
D:3:      layout_loops_ring, serial_shops, nicolae_shop_peninsula,
          nicolae_shop_trees, nicolae_shop_pleasant_corner_grove
D:4:      layout_loops_corners, palyth_temple_overflow_mages,
          mainiacjoe_overflow_small_starburst, minmay_box_of_dots

Skill      XL: |  1  2  3  4 |
---------------+-------------+-----
Stealth        | 2 |  2.7
Dodging        | 2 |  2.5
Necromancy     | 5 |  5.7
Spellcasting   | 3 |  3.2

Action                     |  1- 3 |  4- 6 || total
---------------------------+-------+-------++-------
  Melee: Unarmed           |     9 |       ||     9
         Punch             |     1 |       ||     1
         Dagger            |   107 |   124 ||   231
   Cast: Necrotise         |    57 |    17 ||    74
         Animate Dead      |       |     5 ||     5
    Use: Potion            |     1 |     2 ||     3
         Scroll            |     2 |     5 ||     7
   Stab: Sleeping          |       |     1 ||     1
 Armour: Robe              |    77 |    66 ||   143
  Dodge: Dodged            |    73 |    55 ||   128
  Block: Other             |       |     7 ||     7
